 Dungeon Crawl Stone Soup version 0.28.0-43-g3370ac3207 (webtiles) character file.

Game seed: 9757306857717389972

788 issech the Cudgeller (level 7, 0/70 HPs)
             Began as a Troll Monk on Mar 29, 2022.
             Slain by an orc warrior
             ... wielding a +0 long sword
              (14 damage)
             ... on level 6 of the Dungeon.
             The game lasted 00:12:27 (4096 turns).

issech the Cudgeller (Troll Monk)                   Turns: 4096, Time: 00:12:28

Health: 0/70       AC:  4    Str: 20    XL:     7   Next: 56%
Magic:  6/6        EV: 12    Int: 12    God:
Gold:   337        SH:  0    Dex: 20    Spells: 6/6 levels left

rFire   . . .      SeeInvis .   u - +0 flail
rCold   . . .      Faith    .   (no shield)
rNeg    . . .      Spirit   .   b - +0 robe
rPois   .          Reflect  .   (helmet restricted)
rElec   .          Harm     .   (no cloak)
rCorr   .          Rampage  .   (gloves unavailable)
Will    .....                   (boots unavailable)
Stlth   ++........              q - amulet of regeneration
HPRegen 1.81/turn               h - +6 ring of dexterity
MPRegen 0.10/turn               j - +6 ring of intelligence

@: no status effects
A: large, unfitting armour, claws 3, regeneration 1, shaggy fur 1, tough skin 1
a: no special abilities


You were on level 6 of the Dungeon.
You visited 1 branch of the dungeon, and saw 6 of its levels.

You collected 337 gold pieces.

Inventory:

Hand Weapons
 a - a +0 mace
 u - a +0 flail (weapon)
 z - a +0 hunting sling
Missiles
 c - 232 stones (quivered)
 d - 41 bolts
 e - 5 javelins
 i - 41 sling bullets
 n - 9 poisoned darts
 p - 72 arrows
Armour
 b - a +0 robe (worn)
 l - a +0 robe
Jewellery
 h - a +6 ring of dexterity (left claw)
 j - a +6 ring of intelligence (right claw)
 m - an amulet of reflection
 q - an amulet of regeneration (around neck)
 D - an amulet of guardian spirit
Wands
 s - a wand of polymorph (5)
Scrolls
 k - 2 scrolls of identify {unknown}
 v - a scroll of immolation {unknown}
 x - a scroll of noise {unknown}
 y - a scroll of fog {unknown}
 A - a scroll of blinking {unknown}
Potions
 f - 3 potions of brilliance {unknown}
 g - a potion of heal wounds {unknown}
 o - 2 potions of flight {unknown}
 r - a potion of might {unknown}
 t - a potion of lignification {unknown}
 w - a potion of degeneration {unknown}
 B - a potion of berserk rage {unknown}
 C - a potion of mutation {unknown}


   Skills:
 + Level 4.1 Fighting
 + Level 5.7 Maces & Flails
 + Level 4.2 Dodging
 + Level 1.7 Stealth
 + Level 0.3 Shields
 + Level 0.2 Unarmed Combat


You had 6 spell levels left.
You didn't know any spells.
Your spell library contained the following spells:

 Spells                   Type           Power      Damage    Failure   Level
 Ensorcelled Hibernation  Hex/Ice        0%         N/A       45%         2
 Spider Form              Tmut/Pois      0%         N/A       69%         3
 Anguish                  Hex/Necr       0%         N/A       97%         4


Dungeon Overview and Level Annotations

Branches:
Dungeon (6/15)
 Temple: D:4-7

Altars:

Shops:
D:4 !


Innate Abilities, Weirdness & Mutations

You are too large for most types of armour.
You have claws for hands.
Your natural rate of healing is unusually fast.
You are covered in fur. (AC +1)
You have tough skin. (AC +1)


Message History

You hit the orc but do no damage. The orc hits you but does no damage.
You hit the orc.
The orc is moderately wounded.
The orc completely misses you.
You sock the orc!
You kill the orc!
You hit the orc warrior but do no damage.
The orc warrior hits you with a +0 long sword.
You hit the orc warrior.
The orc warrior is lightly wounded.
The orc warrior hits you with a +0 long sword!
You closely miss the orc warrior.
The orc warrior is lightly wounded.
The orc warrior barely misses you.
You hit the orc warrior but do no damage.
The orc warrior is lightly wounded.
The orc warrior hits you with a +0 long sword!
The gnoll hits you from afar with a +0 spear.
You sock the orc warrior!
The orc warrior is moderately wounded.
The orc warrior hits you with a +0 long sword!
The gnoll hits you from afar with a +0 spear.
The orc warrior hits you with a +0 long sword.
You hit the orc warrior but do no damage.
The orc warrior is moderately wounded.
The gnoll barely misses you. The orc warrior closely misses you.
You hit the orc warrior but do no damage.
The orc warrior is moderately wounded.
The gnoll hits you but does no damage.
The orc warrior hits you with a +0 long sword!
You hit the orc warrior but do no damage.
The orc warrior is moderately wounded.
The gnoll hits you from afar with a +0 spear.
The orc warrior hits you with a +0 long sword!
* * * LOW HITPOINT WARNING * * *
You hit the orc warrior.
The orc warrior is moderately wounded.
The gnoll misses you.
The orc warrior hits you with a +0 long sword!
You die...

### # ..#.# #.#.#
#######.#.####
#..o..$......#
.g....oog.#
#.#####o### #@#
##.# #..# #.## #[#
.# #.# .# #.#
###.####
...####.###.......
..............#


You could see an orc warrior, an orc priest, a gnoll and an orc.

Vanquished Creatures
  A water moccasin (D:5)
  An ice beast (D:4)
  The ghost of Icepheonix32 the Covered, an amateur DsFi (D:3)
  A water moccasin zombie (D:3)
  A water moccasin skeleton (D:3)
  A hound (D:5)
  2 jellies (D:4)
  An orc priest (D:5)
  Terence (D:2)
  An iguana (D:4)
  2 orc wizards (D:4)
  A hound skeleton (D:4)
  6 adders
  A howler monkey skeleton (D:3)
  An ufetubus (D:4)
  An adder skeleton (D:4)
  2 worms
  4 dart slugs
  14 orcs
  An endoplasm (D:1)
  2 giant cockroaches (D:3)
  4 hobgoblins
  8 jackals
  5 quokkas
  5 ball pythons
  5 bats
  A frilled lizard (D:2)
  8 goblins
  4 kobolds
  5 rats
91 creatures vanquished.

Notes
Turn   | Place    | Note
-------+----------+-------------------------------------------
     0 | D:1      | issech the Troll Monk began the quest for the Orb.
     0 | D:1      | Reached XP level 1. HP: 22/22 MP: 0/0
   159 | D:1      | Found a faded altar of an unknown god.
   322 | D:1      | Reached XP level 2. HP: 29/29 MP: 1/1
   991 | D:2      | Reached skill level 3 in Maces & Flails
  1194 | D:2      | Reached XP level 3. HP: 36/36 MP: 2/2
  1224 | D:2      | Noticed Terence
  1284 | D:2      | Killed Terence
  1466 | D:2      | Reached XP level 4. HP: 45/45 MP: 3/3
  2294 | D:3      | Found a runed translucent gate.
  2294 | D:3      | Found a runed translucent gate.
  2295 | D:3      | Found a runed translucent gate.
  2297 | D:3      | Noticed Icepheonix32's ghost (amateur DsFi)
  2410 | D:4      | Reached XP level 5. HP: 47/53 MP: 4/4
  2644 | D:4      | Reached skill level 4 in Maces & Flails
  2659 | D:4      | Found Kodupn's Distillery.
  2958 | D:5      | Entered Level 5 of the Dungeon
  2979 | D:4      | Reached XP level 6. HP: 58/61 MP: 5/5
  3036 | D:5      | Noticed a water moccasin
  3105 | D:5      | Noticed an ice beast
  3123 | D:4      | Killed an ice beast
  3227 | D:3      | Killed Icepheonix32's ghost
  3238 | D:3      | Reached skill level 5 in Maces & Flails
  3238 | D:3      | Reached XP level 7. HP: 64/66 MP: 6/6
  4096 | D:6      | Slain by an orc warrior

Illustrated notes

Levels and vault maps discovered:
D:1:      amcnicky_arrival_flooded_fountain, layout_basic,
          ebering_ecumenical_altar_rust, kennysheep_another_room
D:2:      layout_basic, minmay_fountain_box, uniq_terence
D:3:      layout_basic, gammafunk_ghost_necromancy, fountainhead
D:4:      layout_cave_pools, serial_shops, nicolae_diamond_shop, serial_rivers,
          chequers_serial_rivers_small_a, chequers_serial_rivers_marsh,
          chequers_serial_rivers_micro_e, chequers_serial_rivers_micro_b,
          chequers_serial_rivers_micro_d, kennysheep_small_circle
D:5:      layout_gridville, corexii_hall_statues_t
D:6:      layout_loops_ring, kennysheep_generic_room_7

Skill      XL: |  1  2  3  4  5  6  7 |
---------------+----------------------+-----
Maces & Flails | 3 4 5 |  5.7
Fighting       | 3 4 |  4.1
Dodging        | 3 4 |  4.2
Stealth        | |  1.7
Shields        | |  0.3
Unarmed Combat | |  0.2

Action                   |  1- 3 |  4- 6 |  7- 9 || total
-------------------------+-------+-------+-------++-------
Melee: Mace              |    70 |       |       ||    70
       Punch             |     1 |     4 |     1 ||     6
       Flail             |     9 |   193 |    81 ||   283
       Unarmed           |     7 |       |       ||     7
 Stab: Sleeping          |     5 |     2 |     2 ||     9
Armor: Robe              |    30 |    74 |    23 ||   127
Dodge: Dodged            |    49 |   184 |    46 ||   279
Block: Other             |    12 |    17 |       ||    29
